 Dungeon Crawl Stone Soup version 0.30-a0-1160-g6e42c06551 (webtiles) character file.

Game seed: 13165796134891271234

89 sircluck the Chopper (level 4, -5/40 HPs)
             Began as a Hill Orc Fighter on Apr 25, 2023.
             Slain by a gnoll
             ... wielding a +0 halberd
             ... led by a gnoll bouda
              (10 damage)
             ... on level 3 of the Dungeon.
             The game lasted 00:04:50 (1928 turns).

sircluck the Chopper (Hill Orc Fighter)             Turns: 1928, Time: 00:04:50

Health: -5/40      AC:  8    Str: 20    XL:     4   Next: 55%
Magic:  4/4        EV:  8    Int: 14    God:
Gold:   98         SH:  8    Dex: 10    Spells: 3/3 levels left

rFire   . . .        a - +0 war axe
rCold   . . .        q - +0 kite shield
rNeg    . . .        b - +0 scale mail
rPois   +            o - +0 helmet
rElec   .            (no cloak)
rCorr   .            (no gloves)
SInv    .            (no boots)
Will    .....        (no amulet) Stlth
                     k - +6 ring of intelligence
HPRegen 0.26/turn    j - ring of poison resistance
MPRegen 0.09/turn

%: no passive effects
@: mighty, weakened
A: no striking features
a: no special abilities


You were on level 3 of the Dungeon.
You visited 1 branch of the dungeon, and saw 3 of its levels.

You collected 98 gold pieces.

Inventory:

Hand Weapons
 a - a +0 war axe (weapon)
Missiles
 e - 12 stones (quivered)
 s - 3 poisoned darts
Armour
 b - a +0 scale mail (worn)
 c - a +0 buckler
 o - a +0 helmet (worn)
 q - a +0 kite shield (worn)
Jewellery
 j - a ring of poison resistance (right hand)
 k - a +6 ring of intelligence (left hand)
Scrolls
 h - a scroll of enchant armour {unknown}
 l - a scroll of amnesia {unknown}
 n - a scroll of enchant weapon {unknown}
 r - a scroll of teleportation {unknown}
Potions
 f - a potion of curing {unknown}
 g - a potion of degeneration {unknown}
 i - a potion of flight {unknown}
 m - a potion of haste {unknown}
 p - a potion of mutation {unknown}


   Skills:
 + Level 4.2 Fighting
 + Level 4.2 Axes
 + Level 4.0 Armour
 + Level 3.8 Shields


You had 3 spell levels left.
You didn't know any spells.
Your spell library contained the following spells:

 Spells                   Type           Power      Damage    Failure   Level
 Poisonous Vapours        Pois/Air       0%         N/A       96%         2
 Mephitic Cloud           Conj/Pois/Air  0%         N/A       99%         3
 Freezing Cloud           Conj/Ice/Air   0%         6-21      100%        5


Dungeon Overview and Level Annotations

Branches:
Dungeon (3/15)

Altars:


Message History

The gnoll bouda hits you but does no damage.
You block the gnoll's attack.
You hit the gnoll bouda.
The gnoll bouda is moderately wounded.
You closely miss the orc. You block the orc's attack.
You block the gnoll bouda's attack.
The gnoll hits you from afar with a +0 halberd!
The orc hits you from afar with a +1 trident of protection.
The orc hits you but does no damage. The gnoll bouda completely misses you.
You feel very mighty all of a sudden.
The gnoll hits you from afar with a +0 halberd!
You block the orc's attack.
The orc hits you from afar with a +1 trident of protection.
The gnoll bouda hits you with a +0 club.
You block the orc's attack.
You slash the orc!
You kill the orc!
You hit the gnoll bouda. You slash the orc!
You kill the orc!
The gnoll hits you from afar with a +0 halberd.
The orc hits you from afar with a +1 trident of protection!
* * * LOW HITPOINT WARNING * * *
You block the gnoll bouda's attack. You block the gnoll's attack.
Your Armour skill increases to level 4!
You slash the gnoll bouda!
The gnoll bouda is almost dead.
The gnoll is no longer moving quickly.
The orc closely misses you.
The gnoll bouda barks out a call to the hunt!
The gnoll picks up the pace!
The gnoll barely misses you.
You closely miss the gnoll bouda.
The gnoll bouda is almost dead.
The gnoll is no longer moving quickly.
The gnoll bouda gazes fiercely through you!
You feel your attacks grow feeble.
The gnoll bouda hits you with a +0 club.
* * * LOW HITPOINT WARNING * * *
You block the orc's attack.
The gnoll hits you from afar with a +0 halberd!
You die...

.# ####### .#
....... .#
....... .#
..o.... o#
....... o#
.......#######)##
......>)ggggg@).#
.......#o########
.......#.#
.......#.#
.......#.#
######.#.# #.#.#
#.#.#


You could see a gnoll bouda, 4 gnolls and 3 orcs.

Vanquished Creatures
  A gnoll (D:3)
  2 adders (D:2)
  2 worms (D:1)
  5 dart slugs
  2 orcs (D:3)
  3 ball pythons
  An endoplasm (D:2)
  3 giant cockroaches
  5 hobgoblins
  5 kobolds
  3 quokkas
  4 bats
  3 frilled lizards
  6 goblins
  2 rats (D:1)
47 creatures vanquished.

Notes
Turn   | Place    | Note
-------+----------+-------------------------------------------
     0 | D:1      | sircluck the Hill Orc Fighter began the quest for the Orb.
     0 | D:1      | Reached XP level 1. HP: 19/19 MP: 1/1
   144 | D:1      | Reached XP level 2. HP: 27/27 MP: 2/2
   669 | D:1      | Reached XP level 3. HP: 33/33 MP: 3/3
   672 | D:1      | Found a faded altar of an unknown god.
  1016 | D:1      | You fall into a shaft and drop 1 floor!
  1654 | D:2      | Reached XP level 4. HP: 38/40 MP: 4/4
  1928 | D:3      | Slain by a gnoll

Illustrated notes

Levels and vault maps discovered:
D:1:      dpeg_arrival_refuge, layout_basic,
          shapermc_ecumenical_altar_starsandcircs
D:2:      layout_basic
D:3:      layout_basic, grunt_gozag_statues, mainiacjoe_overflow_two_lobes,
          kennysheep_generic_room_7

Skill      XL: |  1  2  3  4 |
---------------+-------------+-----
Axes           | 3 4 |  4.2
Fighting       | 4 |  4.2
Armour         | 4 |  4.0
Shields        | |  3.8

Action                     |  1- 3 |  4- 6 || total
---------------------------+-------+-------++-------
  Melee: War axe           |   103 |    24 ||   127
    Use: Scroll            |     1 |       ||     1
         Potion            |       |     1 ||     1
 Armour: Scale mail        |    49 |    14 ||    63
  Dodge: Dodged            |    46 |    11 ||    57
  Block: Buckler           |    26 |       ||    26
         Kite shield       |     5 |    14 ||    19

Table legend: (Time is in decaauts)
 A = Elapsed time spent in this place.
 B = Non-inter-level travel time spent in this place.
 C = Inter-level travel time spent in this place.
 D = Time resting spent in this place.
 E = Time spent auto-exploring this place.
 F = Levels seen in this place.
 G = Mean time per level.
                   A        B        C        D        E       F      G
               +--------+--------+--------+--------+--------+-----+--------+
         Total |   1984 |   1840 |    144 |    200 |   1045 |   3 |  661.3 |
       Dungeon |   1984 |   1840 |    144 |    200 |   1045 |   3 |  661.3 |
               +--------+--------+--------+--------+--------+-----+--------+

Top non-repeatable levels by time:
     D:1: 1250 daAuts
     D:2: 711 daAuts
     D:3: 21 daAuts
